 Dungeon Crawl Stone Soup version 0.30.0-15-g856e2d3f33 (webtiles) character file.

Game seed: 15940727171059265750

5 ragingrage the Sneak (level 1, 0/14 HPs)
             Began as a Gargoyle Delver on May 18, 2023.
             Slain by a hound (3 damage)
             ... on level 5 of the Dungeon.
             The game lasted 00:00:26 (187 turns).

ragingrage the Sneak (Gargoyle Delver)               Turns: 187, Time: 00:00:27

Health: 0/14       AC:  5    Str: 15    XL:     1   Next: 80%
Magic:  1/1        EV: 11    Int: 10    God:
Gold:   32         SH:  0    Dex: 11    Spells: 0/0 levels left

rFire   . . .        a - +0 hand axe
rCold   . . .        (no shield)
rNeg    + . .        b - +0 leather armour
rPois   ∞            (no helmet)
rElec   +            (no cloak)
rCorr   .            (no gloves)
SInv    .            (no boots)
Will    .....        (no amulet)
Stlth   +++          (no ring)
HPRegen 0.22/turn    (no ring)
MPRegen 0.07/turn

%: no passive effects
@: no status effects
A: sickness immunity, AC +2, negative energy resistance 1, electricity
resistance, torment resistance 1, petrification resistance
a: no special abilities


You were on level 5 of the Dungeon.
You visited 1 branch of the dungeon, and saw 1 of its levels.

You collected 32 gold pieces.

Inventory:

Hand Weapons
 a - a +0 hand axe (weapon)
Armour
 b - a +0 leather armour (worn)
Wands
 g - a wand of digging (3)
Scrolls
 c - a scroll of fog
 d - a scroll of magic mapping
 e - a scroll of fear
Potions
 f - a potion of haste


   Skills:
 - Level 3.2 Fighting
 + Level 2.2 Axes
 - Level 1.5 Dodging
 - Level 5.4 Stealth


You couldn't memorise any spells.
You didn't know any spells.
Your spell library was empty.

Dungeon Overview and Level Annotations

Branches:
Dungeon (5/15)
 Temple: D:4-7

Altars:
Nemelex Xobeh


Innate Abilities, Weirdness & Mutations

You are immune to sickness and miasma.
Your stone body is resilient. (AC +2)
You are immune to poison.
You resist negative energy. (rN+)
You are resistant to electric shocks. (rElec)
You are resistant to unholy torment.
You are immune to petrification.


Message History

A gnoll comes into view. It is wielding a +0 club.
There is a sparkling altar of Nemelex Xobeh here.
There is an open door here.
You open the door.
An ufetubus comes into view.
You closely miss the ufetubus. The ufetubus misses you.
The ufetubus hits you but does no damage.
The ufetubus barely misses you. The ufetubus hits you.
You hit the ufetubus. The ufetubus closely misses you.
The ufetubus completely misses you. The ufetubus closely misses you.
The ufetubus barely misses you.
You slash the ufetubus!
You kill the ufetubus!
Your Axes skill increases to level 2!
There is an open door here.
You start resting.
You open the door.
There is an open door here.
A hound comes into view.
There is an open door here.
You now have 18 gold pieces.
You now have 32 gold pieces (gained 14).
There is an open door here.
Okay, then.
You barely miss the hound. The hound misses you.
The hound bites you but does no damage.
You miss the hound. The hound misses you. The hound bites you.
You miss the hound.
The hound bites you but does no damage. x2
You closely miss the hound. The hound bites you. x2
You closely miss the hound. The hound closely misses you.
You hit the hound but do no damage. The hound bites you but does no damage.
The hound misses you.
You closely miss the hound. The hound misses you.
The hound bites you but does no damage.
You hit the hound. The hound misses you. The hound bites you.
You hit the hound. The hound bites you. The hound misses you.
You hit the hound but do no damage. The hound bites you.
* * * LOW HITPOINT WARNING * * *
You hit the hound. The hound bites you.
You die...

.....#.........#....#..........##
.............#....#............
...#.#####.#...#....#............
...#.......#...#....#............
...#.#...#.#...#....'............
...#.#._.#.#..##....#.##.###..###
#..#.#...#.#.##....##.###########
#..#.......#..#....'...#......#..
#..#.#####.# #.@..#...#......#..
#............ #..h.#...#......#..
#.......#...###....######.###.###
........# .# ##+#......#.###.###
........# #......#........
........# +......#........
........# #......#........
........# #......#########
#+##...... #####... #


You could see a hound.

Vanquished Creatures
  An ufetubus (D:5)
1 creature vanquished.

Notes
Turn   | Place    | Note
-------+----------+-------------------------------------------
     0 | D:5      | ragingrage the Gargoyle Delver began the quest for the Orb.
     0 | D:5      | Reached XP level 1. HP: 14/14 MP: 1/1
     9 | D:5      | Found a sparkling altar of Nemelex Xobeh.
    28 | D:5      | Noticed a gnoll bouda
    84 | D:5      | Noticed a hound
   187 | D:5      | Slain by a hound

Illustrated notes

Levels and vault maps discovered:
D:5:      layout_gridville, mainiacjoe_overflow_cross_hatched

Skill      XL: |  1 |
---------------+----+-----
Axes           | 2 |  2.2
Fighting       | |  3.2
Dodging        | |  1.5
Stealth        | |  5.4

Action                     || total
---------------------------++-------
  Melee: Hand axe          ||    14
 Armour: Leather armour    ||     6
  Dodge: Dodged            ||    13
